 Dungeon Crawl Stone Soup version 0.23.2-40-g277498a001 (webtiles) character file.

Game seed: 602948802277285356

308 Hylith the Shield-Bearer (level 6, -10/49 HPs)
             Began as a Formicid Fighter on Sept 12, 2019.
             Killed by divine providence
             ... invoked by an orc priest
              (14 damage)
             ... on level 4 of the Dungeon.
             The game lasted 00:07:23 (3352 turns).

Hylith the Shield-Bearer (Formicid Fighter)         Turns: 3352, Time: 00:07:24

Health: -10/49     AC:  8    Str: 23    XL:     6   Next: 68%
Magic:  6/6        EV:  8    Int:  7    God:
Gold:   205        SH: 10    Dex: 10    Spells: 2/5 levels left

rFire    . . .     SeeInvis +   a - +0 flail
rCold    . . .     Gourm    .   c - +0 shield
rNeg     . . .     Faith    .   b - +0 scale mail
rPois    .         Spirit   .   (helmet unavailable)
rElec    .         Reflect  .   (no cloak)
rCorr    .         Harm     .   (no gloves)
MR       .....                  r - +0 pair of boots
Stlth    ..........             (no amulet)
HPRegen  0.16/turn              q - ring of wizardry
MPRegen  0.10/turn              (no ring)

@: no status effects
A: permanent stasis, dig shafts and tunnels, four strong arms, antennae 3
a: Dig, Shaft Self


You were on level 4 of the Dungeon.
You were hungry.

You visited 1 branch of the dungeon, and saw 4 of its levels.

You collected 205 gold pieces.

Inventory:

Hand Weapons
 a - a +0 flail (weapon)
Armour
 b - a +0 scale mail (worn)
 c - a +0 shield (worn)
 r - a +0 pair of boots (worn)
Jewellery
 q - a ring of wizardry (left hand)
Scrolls
 i - 3 scrolls of teleportation {unknown}
 j - 4 scrolls of identify {unknown}
 k - 3 scrolls of remove curse {unknown}
 m - 4 scrolls of amnesia {unknown}
 n - a scroll of magic mapping {unknown}
 o - a scroll of enchant armour {unknown}
Potions
 d - a potion of might
 e - 2 potions of heal wounds {unknown}
 h - 2 potions of flight {unknown}
 l - 2 potions of mutation {unknown}
 p - 2 potions of curing
 s - a potion of berserk rage {unknown}
Comestibles
 f - 7 rations
 g - 2 chunks of flesh


   Skills:
 + Level 4.5 Fighting
 - Level 3.4 Maces & Flails
 + Level 4.4 Armour
 * Level 5.9 Shields


You had 2 spell levels left.
You knew the following spells:

 Your Spells              Type           Power        Failure   Level  Hunger
c - Mephitic Cloud        Conj/Pois/Air  #.......     92%         3    ####...

Your spell library contained the following spells:

 Spells                   Type           Power        Failure   Level  Hunger
 Magic Dart               Conj           #...         61%         1    ##.....
 Call Imp                 Summ           #.......     75%         2    ###....
 Slow                     Hex            #.......     75%         2    ###....
 Conjure Flame            Conj/Fire      #.......     92%         3    ####...
 Blink                    Tloc           Unusable     N/A         2    N/A

Dungeon Overview and Level Annotations

Branches:
Dungeon (4/15)
 Temple: D:4-7

Altars:


Innate Abilities, Weirdness & Mutations

You cannot be hasted, slowed, berserked, paralysed or teleported.
You can dig through walls and to a lower floor.
Your four strong arms can wield two-handed weapons with a shield.
You have a pair of large antennae on your head. (SInv)


Message History

The orc priest barely misses you. You block the orc wizard's attack.
You hit the orc priest.
The orc priest is almost dead.
You block the orc wizard's attack. You block the orc priest's attack.
The orc wizard casts a spell.
The orc wizard blinks!
The orc priest barely misses you.
Your shield and scale mail prevent you from hitting the orc priest.
The orc priest is almost dead.
The orc wizard mumbles some strange words.
The orc wizard blinks!
The orc priest invokes the aid of Beogh against you.
Pain shoots through your body!
* * * LOW HITPOINT WARNING * * *
You barely miss the orc priest.
The orc priest is almost dead.
The orc wizard casts a spell.
The orc wizard blinks!
The orc priest mumbles some strange prayers to Beogh against you.
Beogh smites you!
You die...

##........##.#...
........#.......# ......
...##...#.......##......
...###..#....#...#......
..............#..?......
...#.......#..#.........
######..................
..#.#....##......o....#.
#.
....(.#..###..§§@...§..!
..
......#..##...##.#....#.
.. #. .........>...%##.#
..## .#.# #.##
.(............##.. #..
....##...
#........##........ ..
#.......
#.....#.............#. #
#.......
##..####..#..##........
##....... ...#
.##...#........##o.......
............#


You could see an orc priest.

Vanquished Creatures
  An ogre (D:4)
  Jessica (D:3)
  A gnoll (D:1)
  A howler monkey skeleton (D:4)
  7 adders
  2 worms (D:2)
  A dart slug (D:2)
  3 leopard geckos
  18 orcs
  A ball python (D:3)
  5 bats
  8 giant cockroaches
  11 goblins
  8 hobgoblins
  3 jackals (D:2)
  2 kobolds
  4 frilled lizards
  10 rats
87 creatures vanquished.

Notes
Turn   | Place    | Note
-------+----------+-------------------------------------------
     0 | D:1      | Hylith the Formicid Fighter began the quest for the Orb.
     0 | D:1      | Reached XP level 1. HP: 18/18 MP: 1/1
   114 | D:1      | Reached XP level 2. HP: 22/24 MP: 2/2
   541 | D:1      | Reached skill level 4 in Shields
   541 | D:1      | Reached XP level 3. HP: 29/29 MP: 3/3
  1062 | D:2      | Reached XP level 4. HP: 9/37 MP: 4/4
  1402 | D:2      | Learned a level 3 spell: Mephitic Cloud
  1963 | D:3      | Reached XP level 5. HP: 33/42 MP: 5/5
  2272 | D:3      | Noticed Jessica
  2276 | D:3      | Killed Jessica
  2276 | D:3      | Reached skill level 5 in Shields
  2799 | D:4      | Noticed an ogre
  2805 | D:4      | Reached XP level 6. HP: 45/48 MP: 6/6
  2811 | D:4      | Killed an ogre
  3167 | D:4      | Noticed a phantom
  3352 | D:4      | Killed from afar by an orc priest

Skill      XL: |  1  2  3  4  5 |
---------------+----------------+-----
Shields        | 4 5 |  5.9
Maces & Flails | 3 |  3.4
Fighting       | 4 |  4.5
Armour         | 4 |  4.4

Action                   |  1- 3 |  4- 6 || total
-------------------------+-------+-------++-------
Melee: Flail             |    96 |   260 ||   356
  Use: Potion            |       |     1 ||     1
  Eat: Chunk             |     1 |     7 ||     8
Armor: Scale mail        |    48 |    83 ||   131
Dodge: Dodged            |    38 |    83 ||   121
Block: Shield            |    57 |   174 ||   231
